 Dungeon Crawl Stone Soup version 0.21.0-37-g46506fa (webtiles) character file.

114752 zxpr0jk the Spry (level 16, -6/147 HPs)
             Began as a White Draconian Ice Elementalist on Jan 28, 2018.
             Was the Champion of Cheibriados.
             Mangled by an alligator (22 damage)
             ... on level 2 of the Swamp on Jan 30, 2018.
             The game lasted 02:08:20 (32089 turns).

zxpr0jk the Spry (DrIE)                            Turns: 32089, Time: 02:08:24

Health: -6/147     AC: 30    Str: 31    XL:     16   Next: 17%
Magic:  20/35      EV: 24    Int: 37    God:    Cheibriados [******]
Gold:   1860       SH:  0    Dex: 31    Spells: 1/27 levels left

rFire    . . .     SeeInvis .   j - +3 triple sword (slice)
rCold    + . .     Gourm    .   (shield currently unavailable)
rNeg     + + .     Faith    .   (armour unavailable)
rPois    .         Spirit   .   s - +3 hat of Pondering {ponderous, MR+ MP+10 Int+5}
rElec    +         Reflect  .   l - +0 cloak
rCorr    .         Harm     +   U - +2 pair of gloves {archery}
MR       +++..                  p - +2 pair of boots
Stlth    +++.......             d - amulet of Zikhlyal {Harm *Corrode *Drain rElec rN++ MR+}
HPRegen  1.34/turn              S - +4 ring of strength
MPRegen  0.24/turn              u - +5 ring of evasion

@: icy armour, short of breath, grasped by roots, regenerating, deflect
missiles, very slow
A: breathe frost, unfitting armour, stinger 1, cold resistance 1, robust 1, wild
magic 1, cold-blooded, AC +9
a: Breathe Frost, Bend Time, Temporal Distortion, Slouch, Step From Time,
Renounce Religion


You were on level 2 of the Swamp.
You worshipped Cheibriados.
Cheibriados was exalted by your worship.
You were not hungry.

You visited 5 branches of the dungeon, and saw 25 of its levels.
You also visited: Sewer and Bailey.

You collected 2939 gold pieces.
You spent 1079 gold pieces at shops.

Inventory:

Hand Weapons
 a - a +0 demon whip of draining
 j - a +3 triple sword of slicing (weapon)
Missiles
 F - 29 tomahawks (quivered)
 R - 2 tomahawks of returning
Armour
 l - a +0 cloak (worn)
 p - a +2 pair of boots (worn)
 s - the +3 hat of Pondering (worn) {ponderous, MR+ MP+10 Int+5}
   (You took it off Gastronok on level 8 of the Dungeon)

   It affects your intelligence (+5).
   It affects your resistance to hostile enchantments.
   It affects your magic capacity (+10).
 U - a +2 pair of gloves of archery (worn)
Jewellery
 d - the amulet of Zikhlyal (around neck) {Harm *Corrode *Drain rElec rN++ MR+}
   (You bought it in a shop on level 2 of the Orcish Mines)

   [amulet of harm]

   It increases damage dealt and taken.
   It insulates you from electricity.
   It greatly protects you from negative energy.
   It affects your resistance to hostile enchantments.
   It may corrode you when you take damage.
   It causes draining when unequipped.
 g - an uncursed ring of ice
 u - a +5 ring of evasion (right hand)
 S - a +4 ring of strength (left hand)
Wands
 v - a wand of acid (5)
 C - a wand of enslavement (28)
 D - a wand of iceblast (29)
Scrolls
 c - a scroll of enchant armour
 o - 3 scrolls of fog
 q - 6 scrolls of remove curse
 x - 3 scrolls of fear
 B - 7 scrolls of identify
 Q - a scroll of magic mapping
Potions
 h - a potion of lignification
 m - a potion of cancellation
Miscellaneous
 V - a lightning rod (4/4)
Comestibles
 b - 34 rations


   Skills:
 - Level 10.0 Fighting
 * Level 11.5 Long Blades
 - Level 15.0 Dodging
 - Level 1.7 Stealth
 - Level 6.2 Spellcasting
 - Level 1.0 Conjurations
 - Level 8.1 Charms
 - Level 11.3 Ice Magic
 - Level 7.0 Air Magic
 - Level 8.0 Invocations
 - Level 10.0 Evocations


You had one spell level left.
You knew the following spells:

 Your Spells              Type           Power        Failure   Level  Hunger
a - Freeze                Ice            ####         1%          1    None
b - Ozocubu's Armour      Chrm/Ice       #######.     1%          3    None
c - Summon Ice Beast      Ice/Summ       ######..     5%          4    #......
d - Dazzling Spray        Conj/Hex       ###...       12%         3    None
e - Deflect Missiles      Chrm/Air       ######....   30%         6    ######.
f - Blink                 Tloc           N/A          8%          2    None
g - Tukima's Dance        Hex            ##......     14%         3    None
h - Apportation           Tloc           ##....       5%          1    None
i - Regeneration          Chrm/Necr      ######....   3%          3    None


Dungeon Overview and Level Annotations

Branches:
Dungeon (14/15)            Temple (1/1) D:6            Lair (6/6) D:8
  Swamp (2/4) Lair:3       Spider (0/4) Lair:2        Slime (0/5) Lair:5
    Orc (2/2) D:9             Elf (0/3) Orc:2        Vaults (0/5) D:14

Altars:
Ashenzari
Cheibriados
Dithmenos
Elyvilon
Fedhas
Gozag
Hepliaklqana
Kikubaaqudgha
Makhleb
Nemelex Xobeh
Okawaru
Qazlal
Ru
Sif Muna
Trog
Uskayaw
Vehumet
Wu Jian
Xom
Yredelemnul
Zin
The Shining One
Beogh

Shops:
Orc:2 :=[[

Portals:
Trove: D:13 (give 13 scrolls of teleportation)

Annotations:
D:6 1 runed door
Lair:5 exclusion: 2 oklob plants


Innate Abilities, Weirdness & Mutations

You can breathe waves of freezing cold.
You can buffet flying creatures when you breathe cold.
Your icy white scales are hard. (AC +9)
You cannot fit into any form of body armour.
Your flesh is cold resistant. (rC+)
You are cold-blooded and may be slowed by cold attacks.
Your tail ends in a poisonous barb.
You are robust. (+10% HP)
Your spells are a little harder to cast, but a little more powerful.


Message History

Cheibriados thoroughly appreciates the change of pace.
The blink frog hits you.
Unknown command.
Press: ? - help, Shift-Dir - straight line, f/p - alligator
Aim: an alligator (heavily wounded)
You exhale a wave of freezing cold.
The freezing breath hits the alligator.
The alligator is severely wounded.
You feel somewhat more hungry. The alligator closely misses you.
The alligator misses you. The blink frog completely misses you.
The shambling mangrove hits you!!!
* * * LOW HITPOINT WARNING * * *
Unknown command.
You feel better.
A root reaches out and grasps at passing movement.
The blink frog blinks!
The blink frog closely misses you.
You riposte.
You slash the blink frog!
You kill the blink frog!
Cheibriados thoroughly appreciates the change of pace.
The alligator bites you!!
You die...

♣♣♣≈.≈.≈≈....
≈♣♣♣♣≈...§≈≈≈....
...≈≈≈.≈≈.≈≈≈≈≈§≈!
F≈≈≈.§..≈≈.≈≈≈≈≈≈≈≈
≈≈≈≈≈.♣♣....≈≈≈§≈≈≈
≈≈≈≈≈.......≈≈≈≈...
F..≈.....††..≈≈≈...
≈..≈...Y§f@t......≈
.....≈≈.≈.†........
≈≈≈..≈≈≈.≈§≈..≈≈...
♣.≈≈..≈.≈≈≈≈≈≈.♣♣♣.
≈.≈≈.....≈≈≈≈≈≈§♣
..≈F≈>.≈...≈≈≈§≈♣
≈≈≈..≈§...≈≈≈≈≈♣♣
.≈≈≈≈≈≈≈≈...≈≈≈.♣
.≈♣≈≈≈≈≈≈≈.♣..♣♣♣


You could see a shambling mangrove, an alligator, a blink frog and a friendly
ice beast.

Vanquished Creatures
  Gastronok (D:8)
  Frances (D:14)
  The ghost of Firecrotchwizard the Phalangite, an adept MfBe of Trog (Swamp:1)
  An orc warlord (Orc:2)
  An ettin (Orc:1)
  Erolcha (D:10)
  14 hydras
  Harold (D:11)
  2 centaur warriors (D:14)
  4 catoblepae
  A death knight (D:14)
  10 alligators
  4 death yaks (Lair:6)
  An ogre mage (D:14)
  3 two-headed ogres (Orc:1)
  7 orc high priests
  A tengu warrior (D:14)
  The ghost of bumaa the Covered, a novice GnWn of Okawaru (D:8)
  Urug (D:11)
  A queen ant (D:10)
  A skeletal warrior (D:14)
  3 swamp dragons (Swamp:1)
  2 wizards (D:7)
  2 harpies (shapeshifter) (D:14)
  A shambling mangrove (Swamp:1)
  6 orc knights
  A wolf spider zombie (D:12)
  An orc sorcerer (D:7)
  8 ugly things (D:14)
  3 manticores
  A deep elf mage (D:12)
  2 cyclopes (D:14)
  Joseph (D:8)
  3 black mambas
  A guardian serpent (shapeshifter) (D:14)
  6 torpor snails
  4 centaur skeletons
  A gargoyle (D:12)
  11 spiny frogs
  A rime drake (Lair:5)
  3 komodo dragons
  A freezing wraith (D:14)
  An efreet (D:14)
  6 trolls
  31 blink frogs
  A meliai (shapeshifter) (D:14)
  2 bog bodies (Swamp:1)
  9 hornets
  18 dream sheep
  4 hippogriffs
  8 slime creatures
  2 tyrant leeches
  A hornet (shapeshifter) (D:14)
  2 meliai zombies (D:13)
  3 wraiths
  4 spriggans
  2 redbacks (Lair:2)
  3 wyverns
  36 yaks
  A vampire (D:11)
  A yak (shapeshifter) (D:14)
  Grum (D:8)
  5 basilisks
  A hungry ghost (D:8)
  5 vampire mosquitoes (Swamp:2)
  3 wargs (Orc:2)
  11 swamp worms
  20 soldier ants (D:10)
  9 water moccasins
  12 porcupines
  42 orc warriors
  An ice beast (D:6)
  2 phantoms
  2 necrophages
  6 sky beasts
  4 swamp drakes
  21 ogres
  15 centaurs
  18 wolves
  12 crocodiles
  12 bullfrogs
  10 big kobolds
  5 gnoll sergeants (Bailey)
  A wyvern skeleton (D:14)
  2 scorpions
  5 killer bees (D:13)
  10 wights
  5 electric eels
  2 howler monkeys
  12 crimson imps
  3 jellies
  5 hounds
  Crazy Yiuf (D:4)
  2 centaur zombies
  4 bullfrog skeletons
  5 gnoll shamans (Bailey)
  33 orc priests
  3 iguanas
  30 orc wizards
  35 worker ants
  A hound zombie (D:6)
  3 hound skeletons
  A worker ant zombie (D:6)
  22 gnolls
  A howler monkey skeleton (D:5)
  13 adders
  7 shadow imps
  6 oozes
  An adder zombie (D:9)
  2 adder skeletons
  10 worms
  12 leopard geckos
  96 orcs
  3 ball pythons
  15 bats
  6 giant cockroaches
  13 goblins
  8 hobgoblins
  12 jackals
  38 kobolds
  8 quokkas
  3 frilled lizards
  8 rats
  A fungus (Lair:6)
  10 plants
930 creatures vanquished.

Vanquished Creatures (collateral kills)
  Rupert (D:14)
  A catoblepas (D:13)
  A centaur warrior (D:13)
  2 two-headed ogres
  An orc sorcerer (D:12)
  Maurice (D:12)
  A basilisk (D:8)
  2 ogres
  An eye of draining (D:12)
  A centaur (D:7)
  2 wyvern zombies (D:6)
  5 gnoll sergeants
  A quasit (D:12)
  A hound (D:14)
  A gnoll shaman (Bailey)
  An orc priest (Orc:1)
  A worker ant (D:12)
  4 gnolls (D:3)
  A leopard gecko (D:7)
  An orc (D:13)
  4 kobolds (D:8)
34 creatures vanquished.

Vanquished Creatures (others)
  A slime creature (D:13)
  3 dancing weapons
  A scorpion (D:4)
  A giant cockroach (D:4)
  A jackal (D:4)
  A frilled lizard (D:4)
  A bush (D:8)
  6 fungi
  16 plants
31 creatures vanquished.

Grand Total: 995 creatures vanquished

Notes
Turn   | Place    | Note
-------+----------+-------------------------------------------
     0 | D:1      | zxpr0jk the Draconian Ice Elementalist began the quest for the Orb.
     0 | D:1      | Reached XP level 1. HP: 14/14 MP: 3/3
   198 | D:1      | Reached XP level 2. HP: 20/20 MP: 3/5
   544 | D:1      | Reached XP level 3. HP: 25/26 MP: 6/6
   852 | D:2      | Reached XP level 4. HP: 15/33 MP: 0/8
  1616 | D:3      | Found a shattered altar of Ashenzari.
  1791 | D:3      | Found a glowing golden altar of the Shining One.
  1960 | D:4      | Noticed an ogre
  1971 | D:4      | Killed an ogre
  1971 | D:4      | Reached skill level 5 in Ice Magic
  1971 | D:4      | Reached XP level 5. HP: 38/38 MP: 5/10
  1976 | D:4      | Learned a level 3 spell: Ozocubu's Armour
  1981 | D:4      | Learned a level 4 spell: Summon Ice Beast
  2021 | D:4      | Found a stormy altar of Qazlal.
  2025 | D:4      | Found a blossoming altar of Fedhas.
  2125 | D:4      | Reached XP level 6. HP: 36/45 MP: 4/11
  2166 | D:4      | Found a glowing drain.
  2177 | Sewer    | Entered a sewer
  3481 | D:4      | Found a runed door.
  3614 | D:4      | Learned a level 3 spell: Dazzling Spray
  3964 | D:4      | Found a shimmering altar of Xom.
  3976 | D:4      | Your scales start taking on an icy white colour.
  3976 | D:4      | Reached XP level 7. HP: 47/50 MP: 6/13
  3976 | D:4      | Gained mutation: Your flesh is cold resistant. (rC+) [White Draconian growth]
  4019 | D:4      | Gained mutation: You are frail. (-10% HP) [potion of mutation]
  4019 | D:4      | Lost mutation: You are frail. (-10% HP) [potion of mutation]
  4019 | D:4      | Gained mutation: Your mind is acute. (Int +2) [potion of mutation]
  4019 | D:4      | Gained mutation: You are agile. (Dex +2) [potion of mutation]
  4707 | D:3      | Found an iron altar of Okawaru.
  5026 | D:4      | Noticed Crazy Yiuf
  5030 | D:4      | Killed Crazy Yiuf
  5070 | D:5      | Entered Level 5 of the Dungeon
  5170 | D:5      | Found a sacrificial altar of Ru.
  5357 | D:5      | Reached skill level 5 in Spellcasting
  5767 | D:5      | Reached XP level 8. HP: 54/57 MP: 13/15
  5810 | D:5      | Lost mutation: Your mind is acute. (Int +2) [potion of mutation]
  5810 | D:5      | Lost mutation: You are agile. (Dex +2) [potion of mutation]
  5810 | D:5      | Gained mutation: Your tail ends in a poisonous barb. [potion of mutation]
  5810 | D:5      | Gained mutation: You are covered in fur. (AC +1) [potion of mutation]
  6031 | D:5      | Reached skill level 10 in Ice Magic
  7008 | D:6      | Found a staircase to the Ecumenical Temple.
  7051 | Temple   | Entered the Ecumenical Temple
  7101 | Temple   | Became a worshipper of Cheibriados the Contemplative
  7336 | D:6      | Found a white marble altar of Elyvilon.
  7337 | D:6      | Noticed an angel
  7346 | D:6      | Found a runed door.
  8027 | D:6      | Reached * piety under Cheibriados
  8031 | D:6      | Found a white marble altar of Elyvilon.
  8031 | D:6      | Found a radiant altar of Vehumet.
  8361 | D:7      | Reached skill level 1 in Long Blades
  8361 | D:7      | Reached skill level 2 in Dodging
  8411 | D:7      | Reached XP level 9. HP: 46/62 MP: 12/18
  8416 | D:7      | Reached skill level 3 in Dodging
  8646 | D:7      | Noticed a wizard
  8648 | D:7      | Noticed an orc sorcerer
  8648 | D:7      | Noticed a wizard
  8651 | D:7      | Noticed an orange demon
  8657 | D:7      | Killed a wizard
  8657 | D:7      | Reached skill level 4 in Dodging
  8659 | D:7      | Killed a wizard
  8659 | D:7      | Reached skill level 5 in Long Blades
  8659 | D:7      | Reached skill level 5 in Dodging
  8660 | D:7      | Paralysed by an orc sorcerer for 7 turns
  8667 | D:7      | Killed an orc sorcerer
  8804 | D:7      | Reached ** piety under Cheibriados
  8826 | D:7      | Identified Sif Muna's Tome of Flying Enchantment
  8835 | D:7      | Learned a level 6 spell: Deflect Missiles
  8920 | D:7      | Found a deep blue altar of Sif Muna.
  8937 | D:7      | Reached skill level 6 in Dodging
  8986 | D:7      | Reached skill level 1 in Air Magic
  9095 | D:7      | Reached skill level 1 in Charms
  9095 | D:7      | Reached XP level 10. HP: 68/69 MP: 19/19
  9396 | D:7      | Found a burning altar of Makhleb.
  9770 | D:8      | Noticed bumaa's ghost (novice GnWn)
  9837 | D:8      | Killed bumaa's ghost
  9842 | D:8      | Reached *** piety under Cheibriados
  9925 | D:8      | Reached skill level 5 in Air Magic
 10235 | D:8      | Reached skill level 5 in Charms
 10322 | D:8      | Found a staircase to the Lair.
 10510 | D:8      | Noticed Gastronok
 10528 | D:8      | Killed Gastronok
 10528 | D:8      | Reached XP level 11. HP: 64/74 MP: 6/20
 11136 | D:8      | Noticed Joseph
 11140 | D:8      | Noticed Grum
 11147 | D:8      | Killed Joseph
 11152 | D:8      | Killed Grum
 11153 | D:8      | Reached **** piety under Cheibriados
 11261 | D:8      | Found a hazy altar of Hepliaklqana.
 11526 | D:9      | Found a flagged portal.
 11552 | Bailey   | Entered a bailey
 12294 | Bailey   | Reached ***** piety under Cheibriados
 12504 | Bailey   | Identified the Guide on Translocation
 12549 | Bailey   | Learned a level 2 spell: Blink
 12553 | Bailey   | Learned a level 3 spell: Tukima's Dance
 12952 | D:9      | Found a sparkling altar of Nemelex Xobeh.
 13129 | D:9      | Found a staircase to the Orcish Mines.
 13755 | D:10     | Entered Level 10 of the Dungeon
 13902 | D:10     | Reached skill level 1 in Invocations
 14043 | D:10     | Noticed Erolcha
 14052 | D:10     | Killed Erolcha
 14133 | D:10     | Got an ancient rapier
 14139 | D:10     | Identified the +5 rapier "Ite Yta" {protect, MR+} (You found it on level 10 of the Dungeon)
 14216 | D:10     | Noticed a queen ant
 14217 | D:10     | Reached skill level 5 in Invocations
 14237 | D:10     | Killed a queen ant
 14592 | D:10     | Reached ****** piety under Cheibriados
 14765 | D:10     | Reached XP level 12. HP: 81/81 MP: 21/21
 14877 | D:10     | Learned a level 1 spell: Apportation
 14935 | D:10     | Reached skill level 7 in Dodging
 15284 | D:11     | Noticed Harold
 15296 | D:11     | Killed Harold
 15474 | D:11     | Noticed Urug
 15487 | D:11     | Killed Urug
 15487 | D:11     | Reached skill level 8 in Dodging
 16502 | D:12     | Reached skill level 9 in Dodging
 16527 | D:12     | Noticed a seven-headed hydra
 16534 | D:12     | Killed a seven-headed hydra
 16874 | D:12     | Noticed Maurice
 16875 | D:12     | Noticed a two-headed ogre
 16879 | D:12     | Reached skill level 10 in Dodging
 16887 | D:12     | Killed a two-headed ogre
 16893 | D:12     | Killed Maurice
 17276 | D:12     | Got a pitted whip {holy}
 17282 | D:12     | Identified the +1 whip of Excruciating Pain {holy, rF+ rC- MR+ Int+3} (You took it off a kobold on level 12 of the Dungeon)
 17391 | D:13     | Lost mutation: Your tail ends in a poisonous barb. [potion of mutation]
 17391 | D:13     | Lost mutation: You are covered in fur. (AC +1) [potion of mutation]
 17391 | D:13     | Gained mutation: You are robust. (+10% HP) [potion of mutation]
 17391 | D:13     | Gained mutation: Your spells are a little harder to cast, but a little more powerful. [potion of mutation]
 17391 | D:13     | Gained mutation: Your tail ends in a poisonous barb. [potion of mutation]
 17401 | D:13     | Noticed a catoblepas
 17412 | D:13     | Killed a catoblepas
 17412 | D:13     | Reached skill level 11 in Dodging
 17449 | D:13     | Noticed a centaur warrior
 17462 | D:13     | Killed a centaur warrior
 17593 | D:13     | Reached XP level 13. HP: 91/94 MP: 22/22
 17839 | D:13     | Found a shadowy altar of Dithmenos.
 18054 | D:13     | Found a portal to a secret trove of treasure.
 18184 | D:14     | Reached skill level 12 in Dodging
 18240 | D:14     | Noticed Rupert
 18260 | D:14     | Killed Rupert
 18442 | D:14     | Reached skill level 13 in Dodging
 18849 | D:14     | Found a blossoming altar of Fedhas.
 18996 | D:14     | Reached skill level 14 in Dodging
 19075 | D:14     | Noticed Frances
 19089 | D:14     | Killed Frances
 19577 | D:14     | Found a gate to the Vaults.
 19586 | D:14     | Reached XP level 14. HP: 73/102 MP: 23/23
 19806 | Lair:1   | Entered Level 1 of the Lair of Beasts
 19815 | Lair:1   | Upgraded the game from 0.21.0-30-g47ce8e4 to 0.21.0-36-ge3e1d5a
 20309 | Lair:1   | Reached skill level 15 in Dodging
 20856 | Lair:2   | Found a hole to the Spider Nest.
 21113 | Lair:2   | Found a snail-covered altar of Cheibriados.
 21156 | Lair:2   | Reached skill level 1 in Fighting
 21964 | Lair:3   | Got a smoking demon trident
 21987 | Lair:3   | Identified the +1 demon trident of Defence {pierce, rElec Dex+2} (You found it on level 3 of the Lair of Beasts)
 22147 | Lair:3   | Found a staircase to the Swamp.
 22166 | Lair:3   | Reached skill level 5 in Fighting
 22699 | Lair:4   | Found a runed door.
 23289 | Lair:4   | Got a brightly glowing glaive
 23290 | Lair:4   | Identified the +5 glaive of Evolution {antimagic, Str-4 Dex+7 SInv} (You found it on level 4 of the Lair of Beasts)
 23991 | Lair:5   | Reached skill level 1 in Evocations
 24485 | Lair:5   | Found a staircase to the Slime Pits.
 24803 | Lair:6   | Entered Level 6 of the Lair of Beasts
 25012 | Lair:6   | Reached skill level 5 in Evocations
 25187 | Lair:6   | Reached XP level 15. HP: 107/133 MP: 24/24
 25475 | Lair:6   | Got a bloodstained long sword
 25481 | Lair:6   | Identified the +11 long sword of Nemelex Xobeh's Envy {antimagic, rElec} (You found it on level 6 of the Lair of Beasts)
 26292 | Orc:1    | Entered Level 1 of the Orcish Mines
 26739 | Orc:1    | Found a transporter.
 27059 | Orc:1    | Found a roughly hewn altar of Beogh.
 27352 | Orc:1    | Found a roughly hewn altar of Beogh.
 27708 | Orc:1    | Found a transporter.
 27713 | Orc:1    | Upgraded the game from 0.21.0-36-ge3e1d5a to 0.21.0-37-g46506fa
 27742 | Orc:2    | Entered Level 2 of the Orcish Mines
 27921 | Orc:2    | Reached skill level 10 in Evocations
 28768 | Orc:2    | Found a staircase to the Elven Halls.
 28819 | Orc:2    | Noticed an orc warlord
 28834 | Orc:2    | Killed an orc warlord
 29350 | Orc:2    | Found Pifidian's Antique Armour Shoppe.
 29350 | Orc:2    | Found Noofei's Book Emporium.
 29353 | Orc:2    | Found Peful's Antique Armour Emporium.
 29354 | Orc:2    | Found Pevogg's Jewellery Emporium.
 29362 | Orc:2    | Bought a book of Debilitation for 480 gold pieces
 29366 | Orc:2    | Bought the amulet of Zikhlyal {Harm *Corrode *Drain rElec rN++ MR+} for 599 gold pieces
 29530 | Lair:1   | Learned a level 3 spell: Regeneration
 29619 | Swamp:1  | Entered Level 1 of the Swamp
 30319 | Swamp:1  | Reached skill level 10 in Long Blades
 30917 | Swamp:1  | Noticed Firecrotchwizard's ghost (adept MfBe)
 30936 | Swamp:1  | Killed Firecrotchwizard's ghost
 31349 | Swamp:1  | Reached XP level 16. HP: 121/146 MP: 25/25
 31923 | Swamp:2  | Reached skill level 10 in Fighting
 32089 | Swamp:2  | Mangled by an alligator

Skill      XL: |  1  2  3  4  5  6  7  8  9 10 11 12 13 14 15 16 |
---------------+-------------------------------------------------+-----
Ice Magic      | 4 5 8 9 11 | 11.3
Spellcasting   | 3 4 5 6 |  6.2
Long Blades    | 2 6 7 10 11 | 11.5
Dodging        | 2 6 11 14 15 | 15.0
Air Magic      | 1 6 7 |  7.0
Charms         | 1 5 8 |  8.1
Invocations    | 8 |  8.0
Fighting       | 8 9 10 | 10.0
Evocations     | 6 10 | 10.0
Stealth        | |  1.7
Conjurations   | |  1.0

Action                   |  1- 3 |  4- 6 |  7- 9 | 10-12 | 13-15 | 16-18 || total
-------------------------+-------+-------+-------+-------+-------+-------++-------
Melee: Unarmed           |     9 |       |       |       |       |       ||     9
       Tailslap          |     2 |    17 |    96 |   187 |   268 |    18 ||   588
       Short sword       |     9 |       |       |       |       |       ||     9
       Whip              |     1 |   118 |   568 |    10 |       |       ||   697
       Halberd           |       |       |    18 |       |       |       ||    18
       Great sword       |       |       |    53 |   433 |   144 |       ||   630
       Triple sword      |       |       |       |    70 |   544 |    35 ||   649
 Fire: Hunting sling     |    21 |    53 |    33 |       |       |       ||   107
Throw: Stone             |    61 |    54 |   171 |    31 |       |       ||   317
       Tomahawk          |       |       |       |   163 |   324 |       ||   487
       Javelin           |       |       |       |     5 |    12 |       ||    17
 Cast: Freeze            |    40 |    75 |    26 |    26 |    58 |    10 ||   235
       Ozocubu's Armour  |       |     3 |    17 |    46 |    46 |     4 ||   116
       Summon Ice Beast  |       |     3 |     9 |    25 |    13 |     1 ||    51
       Dazzling Spray    |       |       |     4 |    17 |    27 |     6 ||    54
       Blink             |       |       |       |    10 |    10 |       ||    20
       Tukima's Dance    |       |       |       |     4 |     9 |       ||    13
       Deflect Missiles  |       |       |       |     2 |     1 |       ||     3
       Regeneration      |       |       |       |       |     1 |     1 ||     2
Invok: Slouch            |       |       |       |       |     6 |       ||     6
 Abil: Breathe Frost     |       |       |    11 |    22 |     4 |     1 ||    38
Evoke: Wand              |       |       |       |     8 |    14 |       ||    22
       Lightning rod     |       |       |       |       |     4 |       ||     4
  Use: Potion            |       |     6 |     7 |    10 |     8 |     2 ||    33
       Scroll            |       |       |    21 |     8 |    20 |       ||    49
 Stab: Sleeping          |       |     1 |       |       |     3 |       ||     4
       Invisible         |       |       |     1 |     7 |     5 |       ||    13
       Distracted        |       |       |       |     1 |     2 |       ||     3
       Petrified         |       |       |       |       |     6 |       ||     6
       Petrifying        |       |       |       |       |     2 |       ||     2
  Eat: Chunk             |       |    12 |    10 |    10 |    14 |       ||    46
       Ration            |       |       |     3 |     4 |     5 |       ||    12
Armor: Skin              |    18 |    64 |   260 |   292 |   239 |    38 ||   911
Dodge: Dodged            |    53 |   121 |   329 |   878 |  1742 |   216 ||  3339
       Deflected         |       |       |       |    14 |    19 |     1 ||    34
       Rpst.: Great sword |       |       |    19 |   179 |    61 |       ||   259
       Triple sword      |       |       |       |    37 |   330 |    38 ||   405
